 Dungeon Crawl Stone Soup version 0.28-a0-1624-g820543e53a (webtiles) character file.

Game seed: 16880473381049432084

5599 Gwenloh the Zephyrmancer (level 10, -8/50 HPs)
             Began as a Tengu Air Elementalist on Jan 23, 2022.
             Was a Follower of Vehumet.
             Shot with a sling bullet by Joseph (14 damage)
             ... on level 8 of the Dungeon.
             The game lasted 00:34:18 (10792 turns).

Gwenloh the Zephyrmancer (Tengu Air Elementalist)  Turns: 10792, Time: 00:34:18

Health: -8/50      AC: 10    Str:  9    XL:     10   Next: 73%
Magic:  2/22       EV: 12    Int: 19    God:    Vehumet [*.....]
Gold:   213        SH:  0    Dex: 15    Spells: 17/24 levels left

rFire   . . .      SeeInvis .   h - staff of conjuration
rCold   . . .      Faith    .   (no shield)
rNeg    . . .      Spirit   .   b - +0 swamp dragon scales
rPois   +          Reflect  .   (helmet restricted)
rElec   .          Harm     .   p - +2 cloak
rCorr   .          Rampage  .   (no gloves)
Will    .....                   (boots unavailable)
Stlth   +.........              (no amulet)
HPRegen 0.16/turn               (no ring)
MPRegen 0.18/turn               (no ring)

@: mighty, flying quickly and evasively, quick
A: beak, talons 3, nimble flight
a: Renounce Religion


You were on level 8 of the Dungeon.
You worshipped Vehumet.
Vehumet was aware of your devotion.
You visited 2 branches of the dungeon, and saw 9 of its levels.
You also visited: Ossuary.

You collected 361 gold pieces.
You spent 148 gold pieces at shops.

Inventory:

Hand Weapons
 j - a +1 dagger of electrocution
Armour
 a - a +0 robe
 b - +0 swamp dragon scales (worn)
 p - a +2 cloak (worn)
Magical Staves
 h - a staff of conjuration (weapon)
Wands
 l - a wand of mindburst (18)
 w - a wand of flame (10)
 B - a wand of charming (6)
Scrolls
 c - 2 scrolls of fear
 e - 3 scrolls of brand weapon
 f - 2 scrolls of teleportation
 i - 3 scrolls of amnesia
 n - 3 scrolls of magic mapping
 o - 5 scrolls of blinking
 r - a scroll of vulnerability
 t - a scroll of enchant weapon
 u - 2 scrolls of enchant armour
 x - 4 scrolls of immolation
 y - 2 scrolls of fog
Potions
 d - a potion of haste {unknown}
 g - a potion of resistance {unknown}
 k - a potion of lignification {unknown}
 m - a potion of mutation {unknown}
 q - a potion of might
 s - a potion of flight {unknown}
 v - 2 potions of ambrosia {unknown}
 z - a potion of berserk rage {unknown}
 A - a potion of attraction {unknown}
 C - a potion of cancellation {unknown}
 D - a potion of brilliance {unknown}
 E - a potion of curing {unknown}
 F - a potion of magic {unknown}


   Skills:
 - Level 2.1 Dodging
 - Level 2.0 Stealth
 + Level 7.7 Spellcasting
 + Level 10.6 Conjurations
 * Level 14.3 Air Magic


You had 17 spell levels left.
You knew the following spells:

 Your Spells              Type           Power      Damage    Failure   Level
a - Shock                 Conj/Air       100%       1d9       1%          1
b - Static Discharge      Conj/Air       70%        N/A       1%          2
c - Airstrike             Air            29%        N/A       1%          4

Your spell library contained the following spells:

 Spells                   Type           Power      Damage    Failure   Level
 Sandblast                Erth           14%        2d6       26%         1
 Magic Dart               Conj           100%       1d8       1%          1
 Poisonous Vapours        Pois/Air       68%        N/A       1%          2
 Searing Ray              Conj           100%       2d8       1%          2
 Swiftness                Air            58%        N/A       1%          3
 Foxfire                  Conj/Fire      100%       2x1d9     3%          1
 Conjure Flame            Conj/Fire      41%        6-21      9%          3
 Sting                    Tmut/Pois      28%        1d4       26%         1
 Flame Wave               Conj/Fire      41%        2d9       30%         4
 Fulminant Prism          Conj/Hex       20%        3d13      30%         4
 Inner Flame              Hex/Fire       7%         N/A       61%         3
 Olgreb's Toxic Radiance  Pois           7%         N/A       95%         4


Dungeon Overview and Level Annotations

Branches:
Dungeon (8/15)             Temple (1/1) D:6         Ossuary (visited)
   Lair: D:8-11

Altars:
Ashenzari
Cheibriados
Dithmenos
Elyvilon
Fedhas
Gozag
Kikubaaqudgha
Makhleb
Nemelex Xobeh
Okawaru
Qazlal
Ru
Sif Muna
Trog
Uskayaw
Vehumet
Wu Jian
Xom
Yredelemnul
Zin
The Shining One

Shops:
D:4 [[?   D:6 *

Annotations:
D:7 exclusion: orange crystal statue
D:8 Joseph


Innate Abilities, Weirdness & Mutations

You have a beak for a mouth.
You have claws for feet.
Your magical nature lets you fly swiftly and evasively.


Message History

Confirm with . or Enter, or press ? or * to list all spells.
Aiming: Airstrike (dangerous; 1% risk of failure)
Press: ? - help, Dir - move target, f - Joseph
Aim: Joseph, wielding a +0 quarterstaff, wearing a +0 leather armour and quivering sling bullets (empty space bonus: 5/8)
The air twists around and strikes Joseph!
Joseph is lightly wounded.
Casting: Airstrike (dangerous; 1% risk of failure)
Confirm with . or Enter, or press ? or * to list all spells.
Aiming: Airstrike (dangerous; 1% risk of failure)
Press: ? - help, Dir - move target, f/p - Joseph
Aim: Joseph, wielding a +0 quarterstaff, wearing a +0 leather armour and quivering sling bullets (lightly wounded, empty space bonus: 4/8)
The air twists around and strikes Joseph!
Joseph is moderately wounded.
Joseph unwields a +0 quarterstaff.
Joseph wields a +0 hunting sling.
Joseph shoots a sling bullet.
The sling bullet hits you!
Joseph shoots a sling bullet.
The sling bullet hits you!
Items here: ( ))) †.
Casting: Airstrike (dangerous; 1% risk of failure)
Confirm with . or Enter, or press ? or * to list all spells.
Aiming: Airstrike (dangerous; 1% risk of failure)
Press: ? - help, Dir - move target, f/p - Joseph
Aim: Joseph, wielding a +0 hunting sling, wearing a +0 leather armour and quivering sling bullets (moderately wounded, empty space bonus: 4/8)
The air twists around and strikes Joseph!
Joseph is heavily wounded.
Joseph shoots a sling bullet.
The sling bullet hits you!!
* * * LOW HITPOINT WARNING * * *
Casting: Airstrike (dangerous; 1% risk of failure)
Confirm with . or Enter, or press ? or * to list all spells.
Aiming: Airstrike (dangerous; 1% risk of failure)
Press: ? - help, Dir - move target, f/p - Joseph
Aim: Joseph, wielding a +0 hunting sling, wearing a +0 leather armour and quivering sling bullets (heavily wounded, empty space bonus: 4/8)
The air twists around and strikes Joseph!
Joseph is severely wounded.
Blink to where?
Press: ? - help, Dir - move target, f - you, p - Joseph
Okay, then.
It was a potion of might.
You feel very mighty all of a sudden.
Joseph shoots a sling bullet.
The sling bullet hits you!
You die...

#....... +....K>
..... ... #)# #@#
#@ #.# #. #)# #.
#@# #. #.# #. #.#
#. #.# #.### #.#
#...# ..# #†#
###.# #########
#.###.# #.#
#.......###..##.#
#.#
#............##.#
#.#


You could see Joseph.

Vanquished Creatures
  A two-headed ogre (D:8)
  Pikel (D:8)
  A troll (D:6)
  Sigmund (D:3)
  A wyvern (D:8)
  6 yaks
  Grum (D:8)
  A water moccasin (D:8)
  3 sky beasts
  An ogre (D:5)
  2 centaurs
  3 wolves (D:8)
  A phantom (D:5)
  2 kobold brigands
  3 bullfrogs
  4 scorpions
  A water moccasin skeleton (D:3)
  4 killer bees (D:4)
  5 electric eels (D:7)
  3 bullfrog zombies
  3 centaur zombies (Ossuary)
  2 hounds
  4 jellies
  2 bullfrog skeletons
  2 centaur skeletons
  A human zombie (Ossuary)
  Crazy Yiuf (D:2)
  3 orc priests
  Terence (D:3)
  2 iguanas (D:5)
  A scorpion zombie (D:5)
  2 orc wizards
  A killer bee zombie (D:7)
  A hound skeleton (D:4)
  5 mummies (Ossuary)
  8 adders
  3 river rats (D:5)
  A shadow imp (D:6)
  A white imp (D:6)
  An ufetubus (D:7)
  An adder skeleton (D:4)
  2 adder zombies (D:5)
  4 worms
  2 dart slugs
  29 orcs
  5 endoplasms
  4 giant cockroaches
  12 hobgoblins
  2 jackals (D:1)
  15 kobolds
  5 quokkas
  11 ball pythons
  5 bats
  13 frilled lizards
  8 goblins
  A hobgoblin zombie (Ossuary)
  2 kobold zombies (Ossuary)
  An orc zombie (Ossuary)
  3 rats
215 creatures vanquished.

Vanquished Creatures (others)
  4 plants
4 creatures vanquished.

Grand Total: 219 creatures vanquished

Notes
Turn   | Place    | Note
-------+----------+-------------------------------------------
     0 | D:1      | Gwenloh the Tengu Air Elementalist began the quest for the
                  | Orb.
     0 | D:1      | Reached XP level 1. HP: 10/10 MP: 4/4
   350 | D:1      | Reached XP level 2. HP: 12/15 MP: 0/6
   354 | D:1      | Learned a level 2 spell: Static Discharge
   843 | D:1      | Reached XP level 3. HP: 18/19 MP: 2/7
  1594 | D:2      | Found a faded altar of an unknown god.
  1788 | D:2      | Found a runed translucent door.
  1789 | D:2      | Noticed Crazy Yiuf
  1901 | D:2      | Reached XP level 4. HP: 24/24 MP: 6/9
  2374 | D:2      | Reached skill level 5 in Air Magic
  2379 | D:2      | Learned a level 4 spell: Airstrike
  2442 | D:2      | Killed Crazy Yiuf
  2613 | D:3      | Noticed Sigmund
  2778 | D:3      | Gained mutation: Your magical nature lets you fly swiftly
                  | and evasively. [Tengu growth]
  2778 | D:3      | Reached XP level 5. HP: 25/28 MP: 3/10
  2968 | D:3      | Killed Sigmund
  2969 | D:3      | Reached skill level 6 in Air Magic
  2969 | D:3      | Reached XP level 6. HP: 10/32 MP: 4/12
  3276 | D:3      | Found an iron altar of Okawaru.
  3337 | D:3      | Reached skill level 5 in Conjurations
  3345 | D:3      | Noticed Terence
  3352 | D:3      | Killed Terence
  3653 | D:4      | Reached XP level 7. HP: 36/36 MP: 8/14
  3765 | D:4      | Reached skill level 7 in Air Magic
  4014 | D:4      | Found Xuh Weps's Armour Shoppe.
  4067 | D:4      | Found Tuqakas's Armour Emporium.
  4102 | D:4      | Noticed a yak
  4102 | D:4      | Noticed a yak
  4103 | D:4      | Noticed a yak
  4126 | D:4      | Killed a yak
  4136 | D:4      | Killed a yak
  4137 | D:4      | Reached skill level 8 in Air Magic
  4297 | D:4      | Killed a yak
  4298 | D:4      | Reached XP level 8. HP: 41/41 MP: 4/16
  4356 | D:4      | Reached skill level 5 in Spellcasting
  4501 | D:4      | Reached skill level 9 in Air Magic
  4808 | D:4      | Found Jisik's Magic Scroll Boutique.
  4977 | D:5      | Entered Level 5 of the Dungeon
  5565 | D:5      | Reached skill level 10 in Air Magic
  5815 | D:4      | Bought a scroll of identify for 24 gold pieces
  5815 | D:4      | Bought a scroll of identify for 24 gold pieces
  5815 | D:4      | Bought a scroll of identify for 24 gold pieces
  5815 | D:4      | Bought a scroll of identify for 24 gold pieces
  5892 | D:5      | Reached XP level 9. HP: 45/45 MP: 15/18
  6018 | D:5      | Found a snail-covered altar of Cheibriados.
  6659 | D:6      | Reached skill level 11 in Air Magic
  7065 | D:6      | Found Qogowkan's Assorted Antiques.
  7070 | D:6      | Bought a scroll of identify for 52 gold pieces
  7117 | D:6      | Noticed a troll
  7128 | D:6      | Killed a troll
  7546 | D:6      | Found a staircase to the Ecumenical Temple.
  7603 | Temple   | Entered the Ecumenical Temple
  7684 | Temple   | Became a worshipper of Vehumet
  7781 | D:7      | Reached skill level 12 in Air Magic
  7901 | D:7      | Found a sand-covered staircase.
  7910 | Ossuary  | Entered an ossuary
  8463 | Ossuary  | Reached * piety under Vehumet
  8463 | Ossuary  | Offered knowledge of Sandblast by Vehumet.
  9255 | D:7      | Found a burning altar of Makhleb.
  9366 | D:7      | Reached XP level 10. HP: 50/50 MP: 12/21
  9502 | D:7      | Noticed an orange crystal statue
  9894 | D:8      | Noticed Pikel
  9898 | D:8      | Killed Pikel
  9899 | D:8      | Reached skill level 13 in Air Magic
 10061 | D:8      | Noticed Grum
 10068 | D:8      | Killed Grum
 10069 | D:8      | Reached skill level 10 in Conjurations
 10422 | D:8      | Found a hide-covered altar of Uskayaw.
 10423 | D:8      | Noticed a two-headed ogre
 10427 | D:8      | Killed a two-headed ogre
 10428 | D:8      | Reached skill level 14 in Air Magic
 10513 | D:8      | Found a bloodstained altar of Trog.
 10515 | D:8      | Found a blossoming altar of Fedhas.
 10517 | D:8      | Found an opulent altar of Gozag.
 10517 | D:8      | Found a shadowy altar of Dithmenos.
 10633 | D:8      | Noticed Joseph
 10792 | D:8      | Shot with a sling bullet by Joseph

Illustrated notes

Levels and vault maps discovered:
D:1:      nagdon_arrival_zigzag_paths, layout_basic
D:2:      layout_basic, shapermc_ecumenical_altar_ellora,
          kennysheep_generic_room_16, uniq_crazy_yiuf_cottage
D:3:      layout_basic, okawaru_metal_pillars_1_2, minivault_14, uniq_sigmund,
          uniq_terence
D:4:      layout_cave_pools, serial_shops, nicolae_shop_hallway_stairs,
          nicolae_lakefront_shop, nicolae_take_the_stairs
D:5:      layout_basic, slow_altar_2, gup_sewer_entry_bubbles,
          hangedman_decor_riveting, hangedman_glass_teeth,
          kennysheep_big_empty_room, minmay_lizard_king
D:6:      layout_cave_pools, minmay_temple_entry_glassed_door, serial_shops,
          nicolae_shop_stone, dk_vineyard_3, chequers_avenue
D:7:      statuecave_lemuel, layout_basic, nicolae_overflow_hidden_temple,
          nicolae_ossuary_entry_monument, kennysheep_another_room
D:8:      layout_basic, overflow_temple_1_default, grunt_temple_overflow_open,
          uniq_joseph, uniq_maggie, uniq_grum, uniq_pikel, uniq_maurice
Temple:   dshaligram_water_room_temple

Skill      XL: |  1  2  3  4  5  6  7  8  9 10 |
---------------+-------------------------------+-----
Conjurations   | 2 3 4 5 6 7 9 10 | 10.6
Air Magic      | 5 6 8 10 12 14 | 14.3
Spellcasting   | 3 4 5 6 7 |  7.7
Dodging        | |  2.1
Stealth        | |  2.0

Action                   |  1- 3 |  4- 6 |  7- 9 | 10-12 || total
-------------------------+-------+-------+-------+-------++-------
Melee: Dagger            |    20 |       |       |       ||    20
       Kick              |     3 |       |     7 |     1 ||    11
       Peck              |     1 |       |     5 |       ||     6
       Staff             |       |     2 |    21 |     5 ||    28
 Cast: Shock             |    77 |    58 |   235 |    29 ||   399
       Static Discharge  |     3 |    13 |    70 |    21 ||   107
       Airstrike         |       |     1 |    20 |    18 ||    39
  Use: Scroll            |       |       |    12 |       ||    12
       Potion            |       |       |       |     1 ||     1
Armor: Robe              |     5 |       |       |       ||     5
       Swamp dragon scal |       |       |    29 |    10 ||    39
Dodge: Dodged            |    26 |     8 |    55 |    12 ||   101

Table legend: (Time is in decaauts)
 A = Elapsed time spent in this place.
 B = Non-inter-level travel time spent in this place.
 C = Inter-level travel time spent in this place.
 D = Time resting spent in this place.
 E = Time spent auto-exploring this place.
 F = Levels seen in this place.
 G = Mean time per level.
                   A        B        C        D        E       F      G
               +--------+--------+--------+--------+--------+-----+--------+
         Total |  10494 |  10247 |    247 |   1235 |   7545 |  10 | 1049.4 |
       Dungeon |   9722 |   9486 |    236 |    796 |   7410 |   8 | 1215.2 |
        Temple |     85 |     75 |     10 |      0 |     53 |   1 |   85.0 |
       Ossuary |    686 |    686 |      0 |    439 |     81 |   1 |  686.0 |
               +--------+--------+--------+--------+--------+-----+--------+

Top non-repeatable levels by time:
     D:7: 1621 daAuts
     D:1: 1501 daAuts
     D:5: 1350 daAuts
     D:4: 1301 daAuts
     D:6: 1220 daAuts
     D:2: 1094 daAuts
     D:3: 1027 daAuts
 Ossuary: 686 daAuts
     D:8: 605 daAuts
  Temple: 85 daAuts
